Unix xNetHack Version 8.0.0 - last build Jan 15 2024 03:47:00 (be4d3c81716514284228e1a23197c27ddb32b841). Game began 2024-01-26 16:42:01, ended 2024-01-26 17:15:35. UmberConductor, neutral female gnomish Healer --------- ...*.... ....... ....% .... ...- --...-- -- ---.....| -.. |...(...| ... --.....*.--- -..-----..h.......| -..fG%:.q.<.n.......- |-%----.............| --- |....---.|.|.--- ...- |.. |.....|------- -- .. 0......-- -.......| --..----- --- UmberConductor the Empiric St:9 Dx:10 Co:15 In:18 Wi:12 Ch:12 Neutral S:1594 Dlvl:7 $:1973 HP:0(54) Pw:15(35) AC:7 Xp:5/308 T:1625 Burdened Latest messages: The human zombie scratches you! You hit the human zombie. You miss the human zombie. The human zombie hits! You jab the human zombie. The human zombie is moderately wounded. The human zombie scratches you! You pierce the human zombie! The human zombie is seriously wounded. You impale the human zombie. The human zombie is critically wounded. You destroy the human zombie! In what direction? . You feel better. You have a little trouble lifting m - a scroll labeled STRC PRST SKRZ KRK {5}. You see here a human corpse. You pierce the rothe! The rothe is moderately wounded. You miss the rothe. You jab the rothe! The rothe is critically wounded. The immobile rothe seems to flinch. You kill the rothe! You see here a rothe corpse. What do you want to zap? [gB or ?*] ? In what direction? h The sleep ray hits the jaguar. The sleep ray bounces! The sleep ray hits the jaguar. You miss the jaguar. You pierce the jaguar! The jaguar is slightly wounded. The jaguar claws you! The jaguar claws you! The jaguar bites! The jaguar claws you! The jaguar claws you! The jaguar bites! The jaguar claws you! The jaguar claws you! The jaguar bites! You miss the jaguar. The jaguar claws you! The jaguar claws you! The jaguar bites! The jaguar claws you! The jaguar hits! The jaguar bites! You die... Do you want to see the dungeon overview? q Inventory: Inventory: 859/650 weight (48/52 slots) Coins ('$') $ - 1973 gold pieces {20} Weapons (')') a - an uncursed +0 scalpel (alternate weapon; not wielded) {5} F - an uncursed +0 trident (weapon in hand) {25} N - a cursed +0 copper dagger {10} V - 24 uncursed +0 arrows {24} W - an uncursed +0 bone bow {25} Z - an uncursed +0 bone bow {25} Armor ('[') b - an uncursed +1 pair of leather gloves (being worn) {8} n - an uncursed +0 orcish helm (being worn) {23} z - an uncursed +0 pair of leather gloves {10} O - an uncursed +0 pair of dwarvish boots {50} P - an uncursed +0 dwarvish cloak {10} S - an uncursed +0 pair of dwarvish boots {50} T - a blessed +0 dwarvish cloak {10} Comestibles ('%') k - 6 uncursed apples {12} o - an uncursed lichen corpse {20} p - an uncursed tripe ration {10} A - an uncursed fortune cookie {1} E - an uncursed tin of stale jackal meat {10} J - 2 uncursed carrots {4} Scrolls ('?') c - an uncursed scroll of charging {5} e - an uncursed scroll of blank paper {5} m - an uncursed scroll of enchant weapon {5} t - a blessed scroll of gold detection {5} K - a blessed scroll of confuse monster {5} Spellbooks ('+') d - a cursed spellbook of light {35} h - a blessed spellbook of healing {35} i - a blessed spellbook of extra healing {45} j - a blessed spellbook of stone to flesh {45} Potions ('!') r - an uncursed potion of gain ability {20} I - an uncursed potion of sickness {20} Q - a cursed potion of blindness {20} R - an uncursed potion of restore ability {20} Y - a cursed potion of paralysis {20} Rings ('=') G - an uncursed +1 ring of gain constitution {3} Wands ('/') g - an uncursed wand of sleep (0:3) {7} B - an uncursed wand of lightning (0:0) {7} Tools ('(') l - an uncursed lock pick {4} s - an uncursed stethoscope {4} w - an uncursed pea whistle {3} H - an uncursed lantern {30} M - an uncursed tin opener {4} U - an uncursed +0 pick-axe {100} X - a cursed stone figurine of a zruty {50} Gems/Stones ('*') u - 3 uncursed worthless pieces of green glass {3} v - an uncursed worthless piece of yellow glass {1} C - 2 uncursed worthless pieces of black glass {2} D - 3 uncursed worthless pieces of blue glass {3} L - an uncursed agate stone {1} UmberConductor the Healer's attributes: Background: You were an Empiric, a level 5 female gnomish Healer. You were neutral, on a mission for Hermes who was opposed by Athena (lawful) and Poseidon (chaotic). You were bisexual. You were in the Gnomish Mines, on level 7. You entered the dungeon 1625 turns ago. There was a full moon in effect when your adventure ended. You had 308 experience points, 12 more were needed to attain level 6. Your score was 1594 before end-of-game adjustments. Basics: You had 0 out of 54 hit points. You had 15 out of 35 energy points (spell power). Your armor class was 7. Your wallet contained 1973 zorkmids. Autopickup was on for '$"?+!=/' plus thrown, with exceptions. Final Characteristics: Your strength was 9 (limit:18/50). Your dexterity was 10 (limit:18). Your constitution was 15 (limit:18). Your intelligence was 18 (limit:19). Your wisdom was 12 (limit:18). Your charisma was 12 (limit:18). Final Status: You were not hungry. You were burdened; movement was slightly slowed. You were wielding a trident. You had basic skill with trident. Final Attributes: You were devoutly aligned. You were poison resistant. You had infravision. You were lucky. You are dead. Miscellaneous: You never encountered a bones level. Total elapsed playing time was 31 minutes and 45 seconds. Major events: Turn 1: UmberConductor the neutral female gnomish Healer entered the dungeon 228: attained the rank of Empiric (level 3) 1050: entered the Gnomish Mines 1625: killed by a jaguar Vanquished creatures: a giant spider a dust vortex a human zombie a rock piercer a yellow light a gnome leader a paper golem 3 giant ants a kitten 2 dwarves 4 rothes a giant bat 2 orc zombies a dwarf zombie a werejackal 2 iguanas an acid blob 3 coyotes 3 gas spores 2 manes 2 large kobolds a hobgoblin 2 yellow molds 3 gnomes a garter snake a gnome zombie 3 geckos 4 jackals 3 foxes a kobold 2 goblins a sewer rat a grid bug 4 lichens 2 kobold zombies 5 newts 69 creatures vanquished. No species were genocided or became extinct. Voluntary challenges: You read items or engraved 1 time. You never genocided any monsters. You never polymorphed an object. You never changed form. You never touched an artifact. You used no wishes. You never scared an enemy with impunity. You were celibate. You never generated conflict. Achievements: You attained the rank of Empiric. You entered the Gnomish Mines. Dungeon overview: The Dungeons of Doom: levels 1 to 5 Level 1: A fountain. Level 2: Level 3: Level 4: A fountain. Stairs down to The Gnomish Mines. Level 5: The Gnomish Mines: levels 5 to 7 Level 5: Level 6: Level 7: <- You were here. Final resting place for you, killed by a jaguar. Game over: __________ / \ / REST \ / IN \ / PEACE \ / \ | UmberConductor | | 1973 Au | | killed by a | | jaguar | | | | | | 2024 | *| * * * | * _________)/\\_//(\/(/\)/\//\/|_)_______ Goodbye UmberConductor the Healer... You died in The Gnomish Mines on dungeon level 7 with 1589 points, and 1973 pieces of gold, after 1625 moves. You were level 5 with a maximum of 54 hit points when you died.